[Event "Titled Tuesday Blitz February 22 Early 2022"]
[White "Moskvin, Anatoly"]
[Black "Zhu, Jiner"]
[WhiteFideId "24199990"]
[BlackFideId "8608059"]
[WhiteElo "2079"]
[BlackElo "2281"]
[Result "0-1"]
[Round "07"]
[TimeControl "180+1"]
[Date "2022.02.22"]
[WhiteClock "0:00:01"]
[BlackClock "0:00:11"]

1. e4 e5 2. Nf3 Nc6 3. Bc4 Nf6 4. d3 Be7 5. c3 d6 6. Nbd2 O-O 7. Bb3 Kh8 8. h3 a5 9. a4 Be6 10. Bc2 h6 11. Nf1 d5 12. Qe2 dxe4 13. dxe4 Nd7 14. Be3 Nc5 15. Ng3 Re8 16. Rd1 Qc8 17. Nh2 Bf8 18. Ng4 b6 19. O-O Qa6 20. Qf3 Rad8 21. Rd5 Qc4 22. Rfd1 Bxd5 23. exd5 e4 24. Qxf7 Ne5 25. Nxe5 Rxe5 26. Bd4 Re7 27. Bxg7+ Bxg7 28. Qxe7 Rf8 29. Nxe4 Qe2 30. Rf1 Qxc2 31. Nxc5 bxc5 32. Qxc5 Qxb2 33. Qxc7 Qxc3 34. Qb7 Qb4 35. Qc6 Rd8 36. Rd1 Qd6 37. Qc4 Rf8 38. Qb5 Qf4 39. Rf1 Qb4 40. Qc6 Qd4 41. d6 Rd8 42. Re1 Rxd6 43. Re8+ Kh7 44. Qc2+ Qd3 45. Qc8 Qd1+ 46. Kh2 Qd5 47. Qc2+ Qd3 48. Qc8 Rf6 49. Qb8 Qd6+ 50. Qxd6 Rxd6 51. Ra8 Rd5 52. Kg3 Bc3 53. Kf3 Rd4 54. Ra7+ Kg6 55. Ra6+ Kg7 56. Ra7+ Kf8 57. Ra8+ Ke7 58. Ra7+ Rd7 59. Ra6 Bd2 60. Ke2 Rd5 61. g4 Bf4 62. Kf3 Bg5 63. Ke4 Rc5 64. Kd4 Rc2 65. Rxa5 Rxf2 66. Ra7+ Kd6 67. Ra6+ Kc7 68. h4 Bxh4 69. Rxh6 Rf4+ 70. Kd5 Rxg4 71. a5 Kb7 72. a6+ Ka7 73. Kc6 Bf2 74. Kb5 Rg5+ 75. Kb4 Bb6 76. Rh7+ Kxa6 77. Rh6 Rg4+ 78. Kb3 Kb5 79. Rh5+ Bc5 80. Rh2 Ra4 81. Kb2 Re4 82. Kb3 Re3+ 83. Kb2 Kc4 84. Rg2 Bd4+ 85. Kc2 Ra3 86. Rg8 Ra2+ 87. Kb1 Ra1+ 88. Kc2 Ra2+ 89. Kb1 Rb2+ 90. Kc1 Rh2 91. Kb1 Bc3 92. Rc8+ Kb3 93. Rb8+ Bb4 94. Rc8 Bd6 95. Rc6 Ba3 96. Rb6+ Bb4 97. Rc6 Ba5 98. Rc5 Bc3 99. Rb5+ Bb4 100. Rd5 Rh1+ 0-1


[Site "https://www.chess.com"]

[Event "Titled Tuesday Blitz February 22 Early 2022"]
[White "Nakamura, Hikaru"]
[Black "Tari, Aryan"]
[WhiteFideId "2016192"]
[BlackFideId "1510045"]
[WhiteElo "2850"]
[BlackElo "2567"]
[Result "1-0"]
[Round "07"]
[TimeControl "180+1"]
[Date "2022.02.22"]
[WhiteClock "0:00:14"]
[BlackClock "0:00:02"]

1. Nf3 d5 2. b3 c5 3. e3 Nc6 4. Bb2 Bg4 5. Be2 Nf6 6. d4 cxd4 7. Nxd4 Bxe2 8. Qxe2 e6 9. Nxc6 bxc6 10. O-O Be7 11. c4 O-O 12. Nc3 Nd7 13. Rfd1 Bf6 14. cxd5 cxd5 15. e4 d4 16. Nb5 e5 17. Rac1 Qb6 18. Nc7 Rac8 19. Nd5 Qb7 20. Qg4 Kh8 21. Ba3 Rxc1 22. Rxc1 Rc8 23. h4 Rxc1+ 24. Bxc1 Qc6 25. Bd2 h6 26. Qf5 g6 27. Qf3 h5 28. g4 hxg4 29. Qxg4 Nb6 30. Nxf6 Qxf6 31. Kf1 Qc6 32. h5 Kg7 33. Qh4 Nd7 34. Qe7 Nf6 35. h6+ Kg8 36. Qxe5 Qa6+ 37. Kg2 Nh5 38. Qe8+ Kh7 39. Qxf7+ Kh8 40. Bf4 Qb5 41. Qf8+ Kh7 42. Qe7+ Kh8 43. Be5+ 1-0


[Site "https://www.chess.com"]

[Event "Titled Tuesday Blitz February 22 Early 2022"]
[White "Narayanan.S.L"]
[Black "Shahaliyev, Ismayil"]
[WhiteFideId "5058422"]
[BlackFideId "13406388"]
[WhiteElo "2494"]
[BlackElo "2105"]
[Result "1-0"]
[Round "07"]
[TimeControl "180+1"]
[Date "2022.02.22"]
[WhiteClock "0:01:30"]
[BlackClock "0:00:03"]

1. Nf3 Nf6 2. b3 c5 3. Bb2 Nc6 4. e3 e6 5. d4 Be7 6. c4 cxd4 7. Nxd4 d5 8. Nxc6 bxc6 9. Be2 Bb4+ 10. Bc3 Qa5 11. Qd2 Bxc3 12. Qxc3 Qb6 13. Nd2 O-O 14. O-O a5 15. Rfc1 Ba6 16. h3 h6 17. Bd3 Rfd8 18. Nf3 c5 19. Qc2 d4 20. exd4 cxd4 21. c5 Qc7 22. Bxa6 Rxa6 23. Qc4 Raa8 24. Nxd4 Nd5 25. c6 Rdb8 26. Nb5 Qb6 27. a4 Rc8 28. Qc5 Ra6 29. c7 Qxc5 30. Rxc5 Kf8 31. Rac1 Ke7 32. Kf1 Kd7 33. Ke2 Rb6 34. Rxd5+ exd5 35. Kd3 Rxb5 36. axb5 Rxc7 37. Ra1 Ra7 38. Kd4 Kd6 39. Rc1 a4 40. Rc6+ Kd7 41. bxa4 Rxa4+ 42. Kxd5 Ra2 43. Rd6+ Kc7 44. b6+ Kb7 45. Rd7+ Kxb6 46. Rxf7 Ra5+ 47. Ke6 Rg5 48. g4 h5 49. f4 Rg6+ 50. Kf5 Rh6 51. Rxg7 hxg4 52. hxg4 1-0


[Site "https://www.chess.com"]

[Event "Titled Tuesday Blitz February 22 Early 2022"]
[White "Narayanan, Srinath"]
[Black "Grandelius, Nils"]
[WhiteFideId "5018420"]
[BlackFideId "1710400"]
[WhiteElo "2472"]
[BlackElo "2617"]
[Result "0-1"]
[Round "07"]
[TimeControl "180+1"]
[Date "2022.02.22"]
[WhiteClock "0:00:05"]
[BlackClock "0:00:21"]

1. d4 d5 2. Nf3 e6 3. Bf4 Bd6 4. e3 Bxf4 5. exf4 Ne7 6. c3 b6 7. Nbd2 O-O 8. Bd3 Ba6 9. Qe2 Bxd3 10. Qxd3 c5 11. O-O Nbc6 12. Ne5 Rc8 13. a3 cxd4 14. cxd4 Nf5 15. Ndf3 Na5 16. g4 Nd6 17. Ng5 Ne4 18. Nxe4 dxe4 19. Qxe4 Nc4 20. Nxc4 Rxc4 21. Rfd1 Qh4 22. f3 Rfc8 23. Rd2 h5 24. Qe2 hxg4 25. fxg4 Qf6 26. Qe5 Qh4 27. Qe2 Qf6 28. Qe5 Qg6 29. h3 Rc1+ 30. Rxc1 Rxc1+ 31. Kg2 Qb1 32. Qe3 Rh1 33. Qf2 Qe4+ 34. Kg3 Re1 35. f5 Re3+ 36. Kh2 Rf3 37. Qg2 Qf4+ 38. Kg1 Rg3 39. fxe6 fxe6 0-1


[Site "https://www.chess.com"]

[Event "Titled Tuesday Blitz February 22 Early 2022"]
[White "Necula, Iulian"]
[Black "Zanette, Edgard Vinicius"]
[WhiteFideId "1232380"]
[BlackFideId "2109263"]
[WhiteElo "1776"]
[BlackElo "2182"]
[Result "0-1"]
[Round "07"]
[TimeControl "180+1"]
[Date "2022.02.22"]
[WhiteClock "0:01:46"]
[BlackClock "0:00:48"]

1. b4 Nf6 2. Bb2 e6 3. b5 a6 4. a4 axb5 5. axb5 Rxa1 6. Bxa1 d5 7. e3 Bd6 8. c4 O-O 9. Nc3 c5 10. Nf3 b6 11. Be2 dxc4 12. Bxc4 Bb7 13. O-O Nbd7 14. d4 Qc7 15. h3 cxd4 16. Qxd4 Bxf3 17. gxf3 Ne5 18. Be2 Rd8 19. Qh4 Qb7 20. Ne4 Qe7 21. Nxf6+ Qxf6 22. Qxf6 gxf6 23. f4 Nd7 24. Rd1 Nc5 25. Bxf6 Rd7 26. Kh1 Ne4 27. Kg2 Nxf6 28. Bf3 Bc5 29. Bc6 Rxd1 0-1


[Site "https://www.chess.com"]

[Event "Titled Tuesday Blitz February 22 Early 2022"]
[White "Nesterov, Arseniy"]
[Black "Dziththauly, Ramadhan"]
[WhiteFideId "24198455"]
[BlackFideId "7105525"]
[WhiteElo "2489"]
[BlackElo "2585"]
[Result "1-0"]
[Round "07"]
[TimeControl "180+1"]
[Date "2022.02.22"]
[WhiteClock "0:00:06"]
[BlackClock "0:00:11"]

1. d4 Nf6 2. c4 e6 3. Nf3 b6 4. g3 Bb7 5. Bg2 c5 6. d5 exd5 7. cxd5 Bxd5 8. Nc3 Bc6 9. e4 d6 10. O-O Be7 11. Nh4 O-O 12. Nf5 Nbd7 13. Nxd6 Ne5 14. Nf5 Rc8 15. Bf4 Nfd7 16. Nd5 Bf6 17. Nxf6+ Qxf6 18. Qd6 Qxd6 19. Nxd6 Rcd8 20. Rfd1 Ng6 21. Be3 Nde5 22. h3 Ba8 23. f4 Nc6 24. e5 Nge7 25. a3 Na5 26. b4 Bxg2 27. Kxg2 cxb4 28. axb4 Nac6 29. b5 Na5 30. Bd2 Nb3 31. Rxa7 Nc8 32. Nxc8 Rxc8 33. Be3 Rc2+ 34. Kf3 Rc3 35. Ke4 Rc4+ 36. Kf5 Rb4 37. Rd5 g6+ 38. Kf6 Rc4 39. Rad7 Na5 40. Rd8 Rc8 41. Rxf8+ Rxf8 42. Bxb6 Nc4 43. Bc5 Rc8 44. b6 h6 45. b7 Rb8 46. Rd7 Na5 47. Rxf7 Nxb7 48. Be7 Na5 49. Kxg6 Nc6 50. Rg7+ Kh8 51. Bf6 Rg8 52. Kxh6 Rxg7 53. Bxg7+ Kg8 54. Bf6 Nd4 55. Kg6 Ne6 56. h4 Nc5 57. h5 Ne6 58. h6 Nf8+ 59. Kf5 Kf7 60. Bg7 Nh7 61. g4 Ke7 62. g5 1-0


[Site "https://www.chess.com"]

[Event "Titled Tuesday Blitz February 22 Early 2022"]
[White "Nithyalakshmi, Sivanesan"]
[Black "Fathy, Elameir"]
[WhiteFideId "5706955"]
[BlackFideId "10600396"]
[WhiteElo "1815"]
[BlackElo "2311"]
[Result "0-1"]
[Round "07"]
[TimeControl "180+1"]
[Date "2022.02.22"]
[WhiteClock "0:00:06"]
[BlackClock "0:00:40"]

1. e4 c6 2. d4 d5 3. e5 Bf5 4. Nf3 e6 5. Be2 c5 6. Be3 Qb6 7. Nc3 Nc6 8. O-O Qxb2 9. Nb5 c4 10. Nc7+ Kd7 11. Nxa8 Bxc2 12. Qc1 Ba3 13. Ne1 Bg6 14. Qxb2 Bxb2 15. Rd1 Nge7 16. Nb6+ axb6 17. f4 Nf5 18. Bf2 Nfxd4 19. Bg4 h5 20. Bh3 Ne2+ 21. Kh1 Nxf4 22. Bxb6 Nxh3 23. gxh3 Rh6 24. Be3 Be4+ 25. Kg1 Rg6+ 26. Kf2 Nxe5 27. Rg1 Rxg1 28. Kxg1 Nd3 29. Ng2 d4 30. Bg5 f6 31. Bd2 c3 32. Bf4 e5 33. Bg3 c2 0-1


[Site "https://www.chess.com"]

[Event "Titled Tuesday Blitz February 22 Early 2022"]
[White "Nur-Mukhametova, Alisa"]
[Black "Sargsyan, Anna M."]
[WhiteFideId "54117739"]
[BlackFideId "13308130"]
[WhiteElo "2015"]
[BlackElo "2271"]
[Result "1/2-1/2"]
[Round "07"]
[TimeControl "180+1"]
[Date "2022.02.22"]
[WhiteClock "0:00:09"]
[BlackClock "0:00:11"]

1. Nf3 c6 2. c4 d5 3. Qc2 Nf6 4. g3 g6 5. Bg2 Bg7 6. O-O O-O 7. d3 Re8 8. Nbd2 e5 9. e4 h6 10. Re1 Qd6 11. exd5 cxd5 12. cxd5 Nxd5 13. Nc4 Qc5 14. d4 Nb4 15. Qb3 Qf8 16. a3 N4c6 17. dxe5 Be6 18. Qxb7 Bxc4 19. Qxa8 Qe7 20. Bd2 Ba6 21. Bb4 Qd7 22. Red1 Qc8 23. Rac1 Bb7 24. Rxc6 Qxc6 25. Qxa7 Na6 26. Ne1 Qa4 27. b3 Qxb3 28. Rd3 Qb1 29. Qxb7 Nxb4 30. Qxb4 Qa1 31. Qc3 Qb1 32. Qc2 Qxe1+ 33. Bf1 Bxe5 34. Qe2 Qa1 35. Re3 Re6 36. Kg2 h5 37. f4 Bg7 38. Rxe6 fxe6 39. Qxe6+ Kh7 40. Bc4 Qxa3 41. Qe4 Qb2+ 42. Be2 Kh6 43. h4 Qc3 44. Kh3 Qe1 45. f5 Qf2 46. fxg6 Qf6 47. Qf4+ Qxf4 48. gxf4 Kxg6 49. Bd3+ Kh6 50. Kg3 Bf6 51. f5 Be7 52. Be2 Bf6 53. Bf3 Be7 54. Be4 Bf6 55. Bd5 Be5+ 56. Kf3 Bf6 57. Bf7 Bxh4 58. Kf4 Bf6 59. Kg3 Kg5 60. Bg6 h4+ 61. Kh3 Kf4 62. Bf7 1/2-1/2


[Site "https://www.chess.com"]

[Event "Titled Tuesday Blitz February 22 Early 2022"]
[White "Oro, Luis"]
[Black "Gracia Alvarez, Gerardo Antonio"]
[WhiteFideId "104094"]
[BlackFideId "5109124"]
[WhiteElo "2287"]
[BlackElo "2139"]
[Result "0-1"]
[Round "07"]
[TimeControl "180+1"]
[Date "2022.02.22"]
[WhiteClock "0:00:17"]
[BlackClock "0:00:38"]

1. e4 c5 2. Nf3 Nc6 3. d4 cxd4 4. Nxd4 Nf6 5. Nc3 e5 6. Ndb5 h6 7. Bc4 a6 8. Nd6+ Bxd6 9. Qxd6 Qe7 10. Qxe7+ Kxe7 11. Nd5+ Nxd5 12. Bxd5 d6 13. c3 Be6 14. Be3 Bxd5 15. exd5 Nb8 16. c4 Nd7 17. Kd2 Rhc8 18. b3 b5 19. Rac1 f5 20. f4 Nc5 21. Bxc5 Rxc5 22. fxe5 dxe5 23. Rhe1 Kd6 24. Kd3 Rac8 25. Rc2 e4+ 26. Kd4 Rxd5+ 27. Ke3 Ke5 28. Rec1 Rd3+ 29. Ke2 b4 30. c5 Rc6 31. Rc4 a5 32. R1c2 Rd4 33. Ke3 f4+ 34. Ke2 Rxc4 35. Rxc4 Kd5 36. g3 g5 37. Rc1 Rxc5 38. Rd1+ Ke5 39. Rd2 Rc3 40. gxf4+ gxf4 41. Rb2 Rh3 42. Kf1 f3 43. Rc2 e3 0-1


[Site "https://www.chess.com"]

[Event "Titled Tuesday Blitz February 22 Early 2022"]
[White "Orozbaev, Eldiar"]
[Black "Obolentseva, Alexandra"]
[WhiteFideId "13802240"]
[BlackFideId "24153648"]
[WhiteElo "2050"]
[BlackElo "2113"]
[Result "1-0"]
[Round "07"]
[TimeControl "180+1"]
[Date "2022.02.22"]
[WhiteClock "0:00:21"]
[BlackClock "0:00:11"]

1. e4 c5 2. c3 Nf6 3. e5 Nd5 4. d4 cxd4 5. cxd4 d6 6. Nf3 Nc6 7. Bc4 dxe5 8. Nxe5 e6 9. O-O Be7 10. Nxc6 bxc6 11. Nc3 O-O 12. Bd3 Qb6 13. Na4 Qc7 14. a3 Bf6 15. b3 Rd8 16. Bb2 Nf4 17. Be4 Ba6 18. Re1 Bb5 19. Nc5 a5 20. a4 Ba6 21. Rc1 Qd6 22. Qf3 Nd5 23. Red1 Qb8 24. Nxa6 Rxa6 25. Qd3 Rb6 26. Bxh7+ Kf8 27. Ba3+ Be7 28. Bxe7+ Kxe7 29. Be4 Rxb3 30. Qa6 Nc3 31. Re1 Nxe4 32. Rxe4 Rb1 33. Ree1 Rxc1 34. Rxc1 Rxd4 35. Qxa5 Qb4 36. Qg5+ Kf8 37. h3 Qxa4 38. Rb1 Rd1+ 39. Kh2 f6 40. Rb8+ Ke7 41. Qxg7+ Kd6 42. Qxf6 Kc7 43. Qf8 Rd7 44. Ra8 Qd4 45. Qb8# 1-0


[Site "https://www.chess.com"]

[Event "Titled Tuesday Blitz February 22 Early 2022"]
[White "Osiecki, Stanislaw"]
[Black "Redzisz, Michal"]
[WhiteFideId "1102990"]
[BlackFideId "21816107"]
[WhiteElo "2127"]
[BlackElo "1961"]
[Result "1-0"]
[Round "07"]
[TimeControl "180+1"]
[Date "2022.02.22"]
[WhiteClock "0:00:56"]
[BlackClock "0:00:01"]

1. e4 c5 2. c3 Nf6 3. e5 Nd5 4. d4 cxd4 5. Nf3 d6 6. cxd4 Nc6 7. Bc4 e6 8. a3 Be7 9. O-O O-O 10. Qe2 a6 11. Nc3 Nxc3 12. bxc3 b5 13. Bd3 Bb7 14. Qe4 g6 15. Qg4 dxe5 16. Bh6 Re8 17. h4 f5 18. Qg3 e4 19. h5 Bd6 20. Ne5 Bxe5 21. dxe5 Qxd3 22. Qf4 Qd5 23. hxg6 Qxe5 24. gxh7+ Kh8 25. Qh4 Re7 26. Bg5 Rf7 27. Rad1 Raf8 28. Bh6 Rxh7 29. Qg5 Rg8 30. Qc1 Rg6 31. Bf4 1-0


[Site "https://www.chess.com"]

[Event "Titled Tuesday Blitz February 22 Early 2022"]
[White "Osmonbekov, Talaibek"]
[Black "Petrovic, Aleksa"]
[WhiteFideId "2017253"]
[BlackFideId "967629"]
[WhiteElo "2135"]
[BlackElo "2139"]
[Result "1-0"]
[Round "07"]
[TimeControl "180+1"]
[Date "2022.02.22"]
[WhiteClock "0:00:28"]
[BlackClock "0:00:03"]

1. d4 Nf6 2. Nc3 d5 3. Bf4 a6 4. e3 e6 5. Nf3 c5 6. dxc5 Bxc5 7. Bd3 Nc6 8. O-O Qe7 9. e4 d4 10. Ne2 e5 11. Bd2 Nb4 12. Ng3 Nxd3 13. cxd3 g6 14. Rc1 Bd7 15. Bg5 b6 16. a3 h6 17. b4 hxg5 18. bxc5 g4 19. c6 gxf3 20. cxd7+ Nxd7 21. Qxf3 Qxa3 22. Rc7 Qd6 23. Rfc1 O-O 24. R1c6 Qe7 25. Qg4 Rfd8 26. Nf5 Qf8 27. h4 Kh7 28. Nd6 Nf6 29. Nxf7 Nxg4 30. Ng5+ Kg8 31. Rxg6+ Qg7 32. Rgxg7+ Kf8 33. Nh7+ 1-0


[Site "https://www.chess.com"]

[Event "Titled Tuesday Blitz February 22 Early 2022"]
[White "Ovetchkin, Roman"]
[Black "Durarbayli, Vasif"]
[WhiteFideId "4119991"]
[BlackFideId "13402935"]
[WhiteElo "2409"]
[BlackElo "2528"]
[Result "1-0"]
[Round "07"]
[TimeControl "180+1"]
[Date "2022.02.22"]
[WhiteClock "0:00:09"]
[BlackClock "0:00:01"]

1. d4 d5 2. c4 e6 3. Nf3 Nf6 4. g3 dxc4 5. Bg2 a6 6. O-O Nbd7 7. a4 c5 8. Na3 cxd4 9. Nxc4 Bc5 10. Nxd4 Nb6 11. Nxb6 Bxb6 12. Nb3 Qe7 13. a5 Ba7 14. Bf4 e5 15. Bg5 Be6 16. Nd2 O-O 17. Ne4 Rfd8 18. Qc1 Rac8 19. Bxf6 gxf6 20. Qh6 Bf5 21. Nxf6+ Kh8 22. Nd5 Qe6 23. Qxe6 Bxe6 24. Nc3 Rd2 25. Bxb7 Rc7 26. Bxa6 Rxb2 27. Ne4 Bd5 28. Nf6 Be6 29. Bd3 Bd4 30. Rac1 Ra7 31. a6 Kg7 32. Ne8+ Kh6 33. Rc7 f5 34. Rxa7 Bxa7 35. Nc7 Bc8 36. Ra1 e4 37. Bc4 Rc2 38. Nb5 Bb6 39. Bb3 Rb2 40. a7 Bxa7 41. Nxa7 Bd7 42. Bc4 Kg5 43. e3 h5 44. Bf1 h4 45. Ra5 hxg3 46. hxg3 Kg4 47. Kg2 Kg5 48. Rc5 Be8 49. Nb5 Bh5 50. Nd4 Bg4 51. Rc6 Ra2 52. Bc4 Rb2 53. Bf7 f4 54. exf4# 1-0


[Site "https://www.chess.com"]

[Event "Titled Tuesday Blitz February 22 Early 2022"]
[White "Pajeken, Jakob Leon"]
[Black "Golubka, Petro"]
[WhiteFideId "12942839"]
[BlackFideId "14114224"]
[WhiteElo "2351"]
[BlackElo "2392"]
[Result "1-0"]
[Round "07"]
[TimeControl "180+1"]
[Date "2022.02.22"]
[WhiteClock "0:00:15"]
[BlackClock "0:00:20"]

1. Nf3 Nf6 2. d4 d5 3. c4 e6 4. e3 Be7 5. Nbd2 b6 6. Bd3 Bb7 7. O-O Nbd7 8. Qe2 O-O 9. e4 c5 10. cxd5 exd5 11. e5 Ne8 12. Re1 Nc7 13. Nf1 Ne6 14. Ng3 g6 15. b3 a5 16. Bh6 Re8 17. Bb5 Nc7 18. e6 Nxe6 19. dxc5 bxc5 20. Rad1 Bf6 21. Qd2 Re7 22. h4 Qc7 23. Ng5 Ndf8 24. h5 Nxg5 25. Bxg5 Bxg5 26. Qxg5 Rxe1+ 27. Rxe1 Qb6 28. h6 f6 29. Qf4 g5 30. Qf5 Rd8 31. Re7 Bc8 32. Qf3 g4 33. Qf4 Ng6 34. Rg7+ Kh8 35. Qa4 f5 36. Be8 f4 37. Bxg6 hxg6 38. Qxf4 Qe6 39. Qc7 Qe1+ 40. Kh2 Rd7 41. Qxc8+ 1-0


[Site "https://www.chess.com"]

[Event "Titled Tuesday Blitz February 22 Early 2022"]
[White "Papp, Levente"]
[Black "Ibrahimli, Murad"]
[WhiteFideId "751243"]
[BlackFideId "13410229"]
[WhiteElo "2308"]
[BlackElo "2109"]
[Result "0-1"]
[Round "07"]
[TimeControl "180+1"]
[Date "2022.02.22"]
[WhiteClock "0:00:01"]
[BlackClock "0:00:41"]

1. b3 Nf6 2. Bb2 g6 3. Nf3 Bg7 4. g3 O-O 5. Bg2 d6 6. d4 Nbd7 7. Nc3 Rb8 8. O-O b5 9. a3 a5 10. e4 b4 11. Nd5 Nxe4 12. axb4 axb4 13. Qe1 e6 14. Nxb4 Bb7 15. Nd3 Nb6 16. c4 Ng5 17. Qe2 Nxf3+ 18. Bxf3 Bxf3 19. Qxf3 Qg5 20. Ra7 Rfc8 21. h4 Qd2 22. Qd1 Qxd1 23. Rxd1 Nd7 24. b4 Nb6 25. c5 Nd5 26. Ra4 Rb5 27. Rc1 Rcb8 28. cxd6 cxd6 29. Rc6 Bf8 30. Ba3 h5 31. Ra7 R5b6 32. Rxb6 Rxb6 33. Ra8 Kg7 34. Kg2 Be7 35. Ra7 Bf6 36. b5 Bxd4 37. Ra6 Rxb5 38. Bxd6 Nc3 39. Rc6 Ne4 40. Bf4 Nxf2 41. Nxf2 Rb2 42. Kf3 Rxf2+ 43. Ke4 Bf6 0-1


[Site "https://www.chess.com"]

[Event "Titled Tuesday Blitz February 22 Early 2022"]
[White "Papp, Petra"]
[Black "Elissalt Cardenas, Hector"]
[WhiteFideId "739049"]
[BlackFideId "3500632"]
[WhiteElo "2259"]
[BlackElo "2159"]
[Result "1-0"]
[Round "07"]
[TimeControl "180+1"]
[Date "2022.02.22"]
[WhiteClock "0:00:04"]
[BlackClock "0:00:01"]

1. e4 d6 2. d4 Nf6 3. Nc3 e5 4. Nf3 Nbd7 5. Bc4 Be7 6. O-O O-O 7. a4 c6 8. h3 b6 9. Re1 a6 10. Be3 Rb8 11. Ba2 b5 12. axb5 axb5 13. b4 Qc7 14. Qd2 Nb6 15. dxe5 dxe5 16. Bc5 Bxc5 17. bxc5 Nbd7 18. Qd6 Qxd6 19. cxd6 Ne8 20. Red1 g6 21. Bb3 Kg7 22. Ra7 Bb7 23. g3 Nef6 24. Rda1 h6 25. Kg2 Rfd8 26. Rd1 Re8 27. Nd2 Nc5 28. f3 Nfd7 29. Nf1 Kf6 30. Ne3 Nxb3 31. cxb3 Ke6 32. b4 Red8 33. f4 Nb6 34. f5+ gxf5 35. Nxf5 Nc4 36. Nxh6 c5 37. bxc5 b4 38. Nb5 Bxe4+ 39. Kf2 Rxb5 40. Re7+ Kf6 41. Ng4+ Kg7 42. h4 Rxc5 43. d7 Rc7 44. h5 Rdxd7 45. h6+ Kh7 46. Nf6+ Kxh6 47. Rexd7 Rc6 48. Nxe4 b3 49. Rb7 b2 50. Nd2 Rd6 51. Nxc4 Rxd1 52. Rxb2 Rc1 53. Nxe5 f6 54. Nf3 Kg6 55. Re2 Rc6 56. Nh4+ Kg5 57. Ng2 Ra6 58. Rc2 Ra3 59. Rc5+ Kg6 60. Nf4+ Kg7 61. Kg2 1-0


[Site "https://www.chess.com"]

[Event "Titled Tuesday Blitz February 22 Early 2022"]
[White "Paravyan, David"]
[Black "Kozak, Adam"]
[WhiteFideId "4194985"]
[BlackFideId "753246"]
[WhiteElo "2569"]
[BlackElo "2459"]
[Result "0-1"]
[Round "07"]
[TimeControl "180+1"]
[Date "2022.02.22"]
[WhiteClock "0:00:02"]
[BlackClock "0:00:10"]

1. e4 c5 2. Nf3 a6 3. g3 b5 4. d4 cxd4 5. Nxd4 Bb7 6. Bg2 Nc6 7. O-O Rc8 8. a4 b4 9. Be3 Qc7 10. Nd2 Nf6 11. Rc1 Nxd4 12. Bxd4 e5 13. Be3 Bc5 14. Bg5 Qc6 15. Nc4 Qe6 16. Bxf6 Qxf6 17. Qd3 O-O 18. Ne3 Bd4 19. Nf5 Bxb2 20. Rb1 Bc3 21. Qxd7 Bc6 22. Qa7 Ra8 23. Qc5 Bxa4 24. Ne7+ Kh8 25. Nd5 Rfc8 26. Qa5 Qc6 27. Nxc3 bxc3 28. Rb6 Qe8 29. Rc1 Bb5 30. Bf1 Bxf1 31. Kxf1 Qd7 32. Rxa6 Rab8 33. Kg2 Qd2 34. Qa3 Qe2 35. Ra4 h6 36. Rb4 Qd2 37. Rxb8 Rxb8 38. h4 h5 39. Qa1 g6 40. Rd1 Qxc2 41. Rc1 Qxe4+ 42. Kh2 c2 43. Qc3 Re8 44. Qxc2 Qd5 45. Re1 Qe6 46. Qb2 Kg8 47. Re3 Qf6 48. Qe2 Qf5 49. Re4 Qf6 50. f4 Re6 51. fxe5 Qe7 52. Re3 Rb6 53. Qc4 Re6 54. Qf4 Kg7 55. Re2 Rc6 56. Rf2 Re6 57. Re2 Kg8 58. Kh3 Qd7 59. Kh2 Re8 60. Rf2 Qe6 61. Rf3 Rc8 62. Rf2 Rd8 63. Qf6 Qxf6 64. exf6 Rd6 65. Kh3 Kf8 66. Rf4 Ke8 67. Re4+ Kf8 68. Rf4 Re6 69. g4 Re3+ 70. Kg2 hxg4 71. Rxg4 Re6 72. Rg5 Rxf6 73. h5 Kg7 74. Kh3 Kh6 75. Rc5 g5 76. Kg4 Rf4+ 77. Kg3 Kxh5 78. Rc8 Kg6 79. Rg8+ Kh6 80. Ra8 f6 81. Rh8+ Kg6 82. Rg8+ Kf5 83. Ra8 Rg4+ 84. Kf3 Re4 85. Ra5+ Re5 86. Ra4 g4+ 87. Kg3 Re3+ 88. Kf2 Rf3+ 89. Kg2 Kg5 90. Ra5+ f5 91. Ra2 Re3 92. Rb2 Kf4 93. Rb4+ Re4 94. Rb2 g3 95. Rc2 Kg4 96. Rb2 f4 97. Kf1 f3 98. Rb8 g2+ 0-1


[Site "https://www.chess.com"]

[Event "Titled Tuesday Blitz February 22 Early 2022"]
[White "Pasti, Aron"]
[Black "Vine, Elzbieta"]
[WhiteFideId "785857"]
[BlackFideId "1119320"]
[WhiteElo "2080"]
[BlackElo "1886"]
[Result "1-0"]
[Round "07"]
[TimeControl "180+1"]
[Date "2022.02.22"]
[WhiteClock "0:00:18"]
[BlackClock "0:00:03"]

1. e4 c5 2. Nf3 d6 3. d4 cxd4 4. Nxd4 a6 5. Nc3 Nf6 6. Be2 b5 7. Be3 b4 8. Nd5 Nxe4 9. Bf3 f5 10. Nxf5 Bxf5 11. Bb6 Qd7 12. Nc7+ Kf7 13. Nxa8 Qb5 14. Qd3 Qe5 15. O-O g6 16. Bd4 Qe6 17. Bxh8 Ng3 18. Bd5 Bxd3 19. Bxe6+ Kxe6 20. hxg3 Bxf1 21. Rxf1 Nc6 22. Nc7+ Kf7 23. Nd5 Kg8 24. Bf6 exf6 25. Nxf6+ Kg7 26. Nd5 Kf7 27. Re1 h5 28. f4 a5 29. Kf2 Bg7 30. b3 Bd4+ 31. Kf3 1-0


[Site "https://www.chess.com"]

[Event "Titled Tuesday Blitz February 22 Early 2022"]
[White "Pesotskiy, Mikhail"]
[Black "Serikbay, Assel"]
[WhiteFideId "34164453"]
[BlackFideId "13706799"]
[WhiteElo "2010"]
[BlackElo "2130"]
[Result "0-1"]
[Round "07"]
[TimeControl "180+1"]
[Date "2022.02.22"]
[WhiteClock "0:00:56"]
[BlackClock "0:00:18"]

1. d4 Nf6 2. c4 g6 3. Nc3 d5 4. Bg5 Ne4 5. Nxe4 dxe4 6. Qd2 Bg7 7. e3 h6 8. Bh4 g5 9. Bg3 c5 10. d5 Qb6 11. Rb1 Nd7 12. Ne2 Ne5 13. Nc3 Bf5 14. Be2 Bg6 15. O-O f5 16. Rfd1 O-O 17. d6 Qxd6 18. Qxd6 exd6 19. Rxd6 f4 20. exf4 gxf4 21. Bh4 f3 22. Bf1 e3 23. Re1 e2 24. Nxe2 fxe2 25. Bxe2 Kh7 26. b3 Rae8 27. f3 Nc6 28. Bf2 Nd4 29. Kf1 Rf6 30. Rxf6 Bxf6 31. Bd1 Bd3+ 32. Kg1 Rxe1+ 33. Bxe1 Bb1 34. a3 Ba2 35. b4 cxb4 36. Bxb4 Bxc4 37. Bc5 b6 38. Bd6 Nb5 39. Bf4 Nxa3 40. Bb8 a5 41. Bc7 Bd4+ 42. Kh1 Nb5 43. Bf4 Nc3 44. Bc2+ Kg7 45. g4 b5 46. h4 b4 47. g5 hxg5 48. Bxg5 b3 49. Bf5 a4 50. h5 a3 51. h6+ Kh8 52. Be7 a2 53. Kh2 a1=Q 54. Bf6+ Bxf6 55. Kh3 Qh1+ 56. Kg4 Qh4# 0-1


[Site "https://www.chess.com"]

[Event "Titled Tuesday Blitz February 22 Early 2022"]
[White "Petrosyan, Manuel"]
[Black "Grischuk, Alexander"]
[WhiteFideId "13300857"]
[BlackFideId "4126025"]
[WhiteElo "2592"]
[BlackElo "2762"]
[Result "0-1"]
[Round "07"]
[TimeControl "180+1"]
[Date "2022.02.22"]
[WhiteClock "0:00:01"]
[BlackClock "0:00:06"]

1. d4 Nf6 2. c4 g6 3. Nc3 Bg7 4. e4 d6 5. Nf3 O-O 6. Be2 e5 7. O-O Nc6 8. Be3 Ng4 9. Bg5 f6 10. Bh4 g5 11. Bg3 Nh6 12. dxe5 fxe5 13. Nd5 g4 14. Bh4 Qd7 15. Ne1 Nd4 16. Nc2 Kh8 17. Qd2 Rf7 18. Rae1 Qe8 19. Bg5 Ng8 20. Bd1 Be6 21. b3 Qd7 22. Be3 c5 23. Bg5 Bxd5 24. exd5 Bf6 25. Nxd4 cxd4 26. Bc2 Raf8 27. Bxf6+ Nxf6 28. c5 Nxd5 29. cxd6 Qxd6 30. Qg5 Re7 31. Qxg4 Nc3 32. Bd3 Nxa2 33. f4 exf4 34. Qh4 Rg7 35. Re4 Nb4 36. Bc4 b5 0-1


[Site "https://www.chess.com"]